% Time on Ice - EDMONTON ICE
Lines # - Real PCT - Wanted PCT - Time Play
Normal Forward
1 - 35% - 37% - 17:27
2 - 39% - 36% - 19:24
3 - 22% - 22% - 11:06
4 - 4% - 5% - 2:08
Normal Defense
1 - 37% - 37% - 18:17
2 - 33% - 34% - 16:35
3 - 27% - 23% - 13:28
4 - 3% - 6% - 1:45
PP Forward
1 - 38% - 60% - 2:14
2 - 62% - 40% - 3:43
PP Defense
1 - 60% - 55% - 3:33
2 - 40% - 45% - 2:24
PK Forward
1 - 67% - 57% - 2:39
2 - 33% - 43% - 1:19
PK Defense
1 - 42% - 57% - 1:39
2 - 58% - 43% - 2:19
PK3 Forward
1 - 0% - 55%
2 - 0% - 45%
PK3 Defense
1 - 0% - 55%
2 - 0% - 45%
44 Forward
1 - 0% - 55%
2 - 0% - 45%
44 Defense
1 - 0% - 55%
2 - 0% - 45%
Last Minute Offensive  - 0:00
Last Minute Defensive  - 0:00
Total
Forward - 60:00
Defense - 60:00
% Time on Ice - SEATTLE GRUNGE
Lines # - Real PCT - Wanted PCT - Time Play
Normal Forward
1 - 34% - 36% - 16:50
2 - 32% - 31% - 15:48
3 - 23% - 23% - 11:45
4 - 11% - 10% - 5:42
Normal Defense
1 - 34% - 38% - 16:53
2 - 38% - 34% - 18:57
3 - 28% - 28% - 14:15
4 - 0% - 0% - 0:00
PP Forward
1 - 47% - 55% - 1:52
2 - 53% - 45% - 2:06
PP Defense
1 - 64% - 55% - 2:33
2 - 36% - 45% - 1:25
PK Forward
1 - 52% - 55% - 3:05
2 - 48% - 45% - 2:52
PK Defense
1 - 34% - 55% - 2:03
2 - 66% - 45% - 3:54
PK3 Forward
1 - 0% - 55%
2 - 0% - 45%
PK3 Defense
1 - 0% - 55%
2 - 0% - 45%
44 Forward
1 - 0% - 55%
2 - 0% - 45%
44 Defense
1 - 0% - 55%
2 - 0% - 45%
Last Minute Offensive  - 0:00
Last Minute Defensive  - 0:00
Total
Forward - 60:00
Defense - 60:00
Play-by-Play 1st period 0:01 of 1st period - Ryan O'Reilly wins face-off versus Tyler Seguin in neutral zone. 0:13 of 1st period - Shot by Ryan O'Reilly. 0:13 of 1st period - Stopped by Semyon Varlamov without a rebound. 0:14 of 1st period - Kevin Rooney wins face-off versus Vincent Trocheck in SEATTLE GRUNGE zone. 0:27 of 1st period - Conor Sheary is hit by Timo Meier and loses puck. 1:06 of 1st period - Icing by David Savard. 1:07 of 1st period - Kevin Rooney wins face-off versus Boone Jenner in SEATTLE GRUNGE zone. 1:07 of 1st period - Conor Sheary is hit by Anthony Mantha and loses puck. 1:48 of 1st period - Shot by Boone Jenner. 1:48 of 1st period - Shot Misses the Net. 2:44 of 1st period - Shot by Scott Laughton. 2:44 of 1st period - Stopped by Semyon Varlamov with a rebound. 2:46 of 1st period - Shot by Jeff Petry. 2:46 of 1st period - Shot Misses the Net. 3:02 of 1st period - Shot by Vincent Trocheck. 3:02 of 1st period - Shot Blocked by Matthew Grzelcyk. 3:04 of 1st period - Shot by Timo Meier. 3:04 of 1st period - Shot Misses the Net. 3:10 of 1st period - Shot by Vincent Trocheck. 3:10 of 1st period - Shot Misses the Net. 3:12 of 1st period - Shot by Jonas Brodin. 3:12 of 1st period - Stopped by Semyon Varlamov without a rebound. 3:13 of 1st period - Phil Kessel wins face-off versus Tyler Seguin in SEATTLE GRUNGE zone. 3:18 of 1st period - Shot by Vincent Trocheck. 3:18 of 1st period - Shot Misses the Net. 3:30 of 1st period - Shot by Roman Josi. 3:30 of 1st period - Shot Misses the Net. 3:41 of 1st period - Off-side. 3:42 of 1st period - Mathieu Perreault wins face-off versus Mike Sgarbossa in neutral zone. 4:07 of 1st period - Shot by Wayne Simmonds. 4:07 of 1st period - Stopped by Philipp Grubauer without a rebound. 4:08 of 1st period - Tyler Seguin wins face-off versus Ryan O'Reilly in EDMONTON ICE zone. 4:15 of 1st period - Shot by Ryan O'Reilly. 4:15 of 1st period - Stopped by Semyon Varlamov without a rebound. 4:16 of 1st period - Tyler Seguin wins face-off versus Scott Laughton in SEATTLE GRUNGE zone. 4:58 of 1st period - Shot by Ryan O'Reilly. 4:58 of 1st period - Shot Blocked by Damon Severson. 5:31 of 1st period - Minor Penalty to Roman Josi for High sticking. 5:32 of 1st period - Morgan Geekie wins face-off versus Anthony Mantha in SEATTLE GRUNGE zone. 6:07 of 1st period - Shot by Boone Jenner. 6:07 of 1st period - Deflect By Joel Eriksson Ek. 6:07 of 1st period - Stopped by Semyon Varlamov without a rebound. 6:08 of 1st period - Timo Meier wins face-off versus Carl Hagelin in SEATTLE GRUNGE zone. 6:17 of 1st period - Shot by Ryan O'Reilly. 6:17 of 1st period - Shot Misses the Net. 6:39 of 1st period - Shot by Shea Theodore. 6:39 of 1st period - Shot Blocked by Travis Sanheim. 7:57 of 1st period - Shot by Trevor Lewis. 7:57 of 1st period - Shot Misses the Net. 8:07 of 1st period - Shot by James Neal. 8:07 of 1st period - Shot Misses the Net. 8:12 of 1st period - Icing by Nikita Zaitsev. 8:13 of 1st period - Boone Jenner wins face-off versus Jake Guentzel in EDMONTON ICE zone. 8:41 of 1st period - Icing by Vincent Trocheck. 8:42 of 1st period - Vincent Trocheck wins face-off versus Kevin Rooney in EDMONTON ICE zone. 9:33 of 1st period - Shot by Mike Hoffman. 9:33 of 1st period - Shot Misses the Net. 9:43 of 1st period - Jake Guentzel is hit by Shea Theodore and loses puck. 10:12 of 1st period - Shot by Anthony Mantha. 10:12 of 1st period - Shot Misses the Net. 10:44 of 1st period - Shot by Boone Jenner. 10:44 of 1st period - Shot Misses the Net. 11:05 of 1st period - Shot by Phil Kessel. 11:05 of 1st period - Stopped by Semyon Varlamov with a rebound. 11:27 of 1st period - Shot by Vincent Trocheck. 11:27 of 1st period - Stopped by Semyon Varlamov with a rebound. 11:29 of 1st period - Shot by Jonas Brodin. 11:29 of 1st period - Stopped by Semyon Varlamov without a rebound. 11:30 of 1st period - Carl Hagelin wins face-off versus Ryan O'Reilly in SEATTLE GRUNGE zone. 11:49 of 1st period - Shot by Ryan O'Reilly. 11:49 of 1st period - Shot Misses the Net. 12:36 of 1st period - Icing by David Savard. 12:37 of 1st period - Vincent Trocheck wins face-off versus James Neal in SEATTLE GRUNGE zone. 12:40 of 1st period - Shot by Phil Kessel. 12:40 of 1st period - Stopped by Semyon Varlamov with a rebound. 12:42 of 1st period - Shot by Jonas Brodin. 12:42 of 1st period - Shot Misses the Net. 12:44 of 1st period - Shot by Jonas Brodin. 12:44 of 1st period - Stopped by Semyon Varlamov with a rebound. 12:46 of 1st period - Shot by Timo Meier. 12:46 of 1st period - Stopped by Semyon Varlamov without a rebound. 12:47 of 1st period - Boone Jenner wins face-off versus Tyler Seguin in SEATTLE GRUNGE zone. 13:04 of 1st period - Shot by Mike Hoffman. 13:04 of 1st period - Shot Misses the Net. 13:06 of 1st period - Shot by Matthew Grzelcyk. 13:06 of 1st period - Shot Misses the Net. 13:08 of 1st period - Shot by Danny DeKeyser. 13:08 of 1st period - Deflect By Jake Guentzel. 13:08 of 1st period - Shot Misses the Net. 13:10 of 1st period - Shot by Jake Guentzel. 13:10 of 1st period - Shot Misses the Net. 13:18 of 1st period - Shot by Mike Hoffman. 13:18 of 1st period - Stopped by Philipp Grubauer with a rebound. 13:19 of 1st period - Minor Penalty to Jonas Brodin for Hooking. 13:20 of 1st period - Boone Jenner wins face-off versus Morgan Geekie in EDMONTON ICE zone. 14:17 of 1st period - Shot by Jake Guentzel. 14:17 of 1st period - Shot Misses the Net. 14:19 of 1st period - Shot by Roman Josi. 14:19 of 1st period - Stopped by Philipp Grubauer without a rebound. 14:20 of 1st period - Scott Laughton wins face-off versus Tyler Seguin in EDMONTON ICE zone. 14:56 of 1st period - Icing by Roman Josi. 14:57 of 1st period - Boone Jenner wins face-off versus Tyler Seguin in SEATTLE GRUNGE zone. 14:58 of 1st period - Shot by Nikita Zaitsev. 14:58 of 1st period - Shot Blocked by Roman Josi. 15:01 of 1st period - Icing by Roman Josi. 15:02 of 1st period - Boone Jenner wins face-off versus Tyler Seguin in SEATTLE GRUNGE zone. 15:42 of 1st period - Off-side. 15:43 of 1st period - Ryan O'Reilly wins face-off versus Mike Sgarbossa in neutral zone. 15:46 of 1st period - Roman Josi is hit by Scott Laughton and loses puck. 15:58 of 1st period - Shot by Damon Severson. 15:58 of 1st period - Stopped by Philipp Grubauer without a rebound. 15:59 of 1st period - Vincent Trocheck wins face-off versus Kevin Rooney in EDMONTON ICE zone. 15:59 of 1st period - Vincent Trocheck is hit by Kevin Rooney. 16:27 of 1st period - Kevin Rooney is hit by Jeff Petry and loses puck. 17:11 of 1st period - Shot by Mike Hoffman. 17:11 of 1st period - Shot Misses the Net. 17:13 of 1st period - Shot by Roman Josi. 17:13 of 1st period - Deflect By Jake Guentzel. 17:13 of 1st period - Stopped by Philipp Grubauer with a rebound. 19:52 of 1st period - Shot by Joel Eriksson Ek. 19:52 of 1st period - Shot Blocked by David Savard. Goals for this period are 0 for EDMONTON ICE vs 0 for SEATTLE GRUNGE. Shots for this period ar